Map: Jagannatha LE

Players

Skipper

  • Race: Terran Terran
  • League: Platinum
  • Spawn Location: 7:00

FlossToss - Winner!

  • Race: Protoss Protoss
  • League: Platinum
  • Spawn Location: 1:00

VOD

Have the link to the VOD?

Description

Time

  • Played on: Dec. 26, 2020, 5 p.m.
  • Length: 13:16
Show
View Real Time Build Order
Export as new Build Order

Skipper Terran 

Build Orders:  

Get SALT Encoding   

  12  0:00  SCV  
  13  0:12  SCV  
  14  0:17  Supply Depot  
  14  0:24  SCV  
  15  0:39  SCV, Barracks  
  16  0:46  Refinery  
  16  0:56  SCV  
  17  1:08  SCV  
  18  1:20  SCV  
  19  1:26  Marine  
  20  1:35  Command Center  
  20  1:46  Orbital Command  
  20  2:04  Barracks Reactor  
  20  2:06  Supply Depot  
  20  2:13  SCV  
  21  2:19  Factory  
  21  2:25  SCV  
  21  2:29  Refinery  
  22  2:39  SCV  
  22  2:43  Marine x2  
  25  2:48  Orbital Command  
  25  2:53  SCV, Supply Depot  
  26  3:03  Factory Tech Lab  
  26  3:05  SCV, Starport  
  27  3:11  Marine x2  
  29  3:14  SCV  
  29  3:18  SCV  
  31  3:26  Widow Mine  
  33  3:28  SCV  
  34  3:35  SCV  
  34  3:39  Supply Depot  
  34  3:40  SCV  
  36  3:42  Viking, Refinery  
  36  3:47  SCV  
  39  3:53  SCV  
  39  3:54  Siege Tank  
  43  3:59  SCV  
  44  4:05  SCV  
  44  4:07  Barracks  
  44  4:09  Barracks  
  45  4:11  SCV  
  45  4:13  Supply Depot  
  46  4:17  SCV, Starport Tech Lab  
  46  4:22  Marine x2  
  46  4:23  SCV  
  50  4:29  Siege Tank, SCV  
  54  4:38  Supply Depot  
  54  4:39  SCV  
  54  4:41  SCV  
  56  4:47  Supply Depot  
  56  4:50  Raven  
  56  4:52  SCV  
  59  4:53  SCV  
  60  5:01  Supply Depot  
  60  5:10  Barracks Tech Lab  
  60  5:13  Marine, Factory Tech Lab  
  60  5:14  Marine, Barracks  
  62  5:15  Marauder  
  62  5:18  Supply Depot  
  62  5:20  Refinery  
  64  5:23  SCV x2  
  66  5:32  Siege Tank  
  66  5:35  Supply Depot  
  69  5:43  Combat Shield  
  69  5:44  Stimpack  
  69  5:45  SCV  
  69  5:46  Barracks, Starport Reactor  
  70  5:50  SCV, Engineering Bay  
  70  5:52  Marine  
  70  5:53  Marine  
  73  6:04  SCV  
  73  6:05  SCV  
  73  6:06  Barracks Tech Lab  
  73  6:07  Marauder x2  
  79  6:17  Siege Tank, SCV  
  79  6:18  Marine x2  
  85  6:20  SCV  
  85  6:25  Medivac  
  88  6:28  Marine  
  88  6:29  SCV, Medivac  
  88  6:32  SCV, Marine  
  94  6:36  Terran Infantry Weapons Level 1  
  94  6:40  Marine  
  94  6:41  SCV  
  94  6:42  Marauder  
  94  6:46  Marauder  
  100  6:52  SCV  
  101  7:00  SCV, Marine x3  
  107  7:01  Marauder  
  107  7:04  Marauder  
  109  7:12  SCV  
  103  7:18  SCV, Marine x2  
  103  7:19  Marauder x2  
  110  7:29  Marine  
  109  7:32  SCV  
  110  7:59  SCV  
  110  8:00  Marine  
  110  8:07  SCV  
  110  8:12  Marine  
  110  8:14  Marauder  
  110  8:15  SCV, Marine  
  110  8:18  Marauder  
  110  8:19  Marine  
  110  8:20  SCV  
  110  8:21  Siege Tank, Marauder  
  100  8:27  SCV  
  100  8:28  Viking x2  
  100  8:30  Marine  
  100  8:32  SCV  
  100  8:33  Marine  
  108  8:35  Marine  
  108  8:37  Marine  
  110  8:42  Missile Turret  
  110  8:45  Command Center, Missile Turret  
  110  8:50  Marine  
  110  8:52  SCV x2, Marine x2  
  110  8:53  Marauder x2  
  99  9:05  SCV  
  90  9:11  Marauder, Marine x3  
  90  9:12  Siege Tank  
  90  9:13  Viking x2  
  90  9:14  Terran Infantry Armor Level 1, Marine  
  90  9:15  Marauder  
  105  9:19  Engineering Bay  
  105  9:24  Armory  
  104  9:35  SCV x2  
  104  9:36  Marine x2  
  104  9:37  Marauder  
  110  9:40  Missile Turret  
  110  9:44  Concussive Shells  
  110  9:50  Supply Depot  
  110  9:53  Supply Depot  
  110  9:56  Marine  
  110  9:57  SCV, Marauder  
  110  9:58  Orbital Command  
  114  10:00  SCV  
  115  10:09  SCV  
  115  10:12  SCV  
  117  10:18  Ghost Academy  
  117  10:21  SCV  
  118  10:22  Marine x2  
  118  10:23  Marauder x3  
  118  10:24  SCV  
  118  10:27  SCV  
  128  10:29  Bunker  
  128  10:30  Siege Tank, Marauder  
  128  10:31  Bunker  
  128  10:33  SCV  
  134  10:37  SCV  
  134  10:39  SCV  
  134  10:41  Refinery  
  134  10:42  Refinery  
  136  10:45  SCV  
  136  10:49  SCV  
  138  10:53  SCV, Enhanced Shockwaves  
  141  11:08  Supply Depot  
  141  11:18  Missile Turret x2  
  141  11:20  Unknown  
  141  11:22  Command Center  
  141  11:29  Siege Tank, SCV  
  149  11:44  Armory, Supply Depot  
  149  11:49  SCV x3, Marine x2, Viking x2  
  149  11:50  Supply Depot  
  162  11:58  Unknown x2  
  164  12:01  SCV x3, Barracks  
  164  12:04  Sensor Tower  
  164  12:06  Marauder  
  164  12:07  Marine, Reaper  
  169  12:13  SCV x3  
  172  12:17  Unknown  
  172  12:18  Unknown  
  176  12:25  SCV  
  177  12:32  SCV, Marine x3, Sensor Tower  
  177  12:34  Siege Tank  
  184  12:39  Marine, Supply Depot  
  184  12:40  Supply Depot  
  184  12:46  Unknown x2, Marauder  
  183  12:59  SCV  
  183  13:02  SCV  
Show
View Real Time Build Order
Export as new Build Order

FlossToss Protoss - Winner!

Build Orders: 1 Gate Expand, Phoenix Opening 

Get SALT Encoding   

  12  0:00  Probe  
  13  0:12  Probe  
  14  0:17  Pylon  
  14  0:24  Probe  
  15  0:36  Probe (Chrono Boost)  
  15  0:39  Gateway  
  16  0:44  Assimilator  
  17  0:50  Probe (Chrono Boost)  
  17  0:54  Probe (Chrono Boost)  
  18  1:06  Probe  
  20  1:18  Probe  
  20  1:26  Nexus  
  20  1:38  Cybernetics Core  
  20  1:44  Probe  
  21  1:50  Assimilator  
  21  1:57  Probe  
  22  2:03  Pylon  
  22  2:09  Probe  
  22  2:15  Warp Gate  
  23  2:18  Probe  
  23  2:19  Stalker (Chrono Boost)  
  26  2:26  Probe  
  26  2:29  Shield Battery  
  26  2:36  Probe  
  27  2:40  Probe  
  27  2:42  Sentry  
  31  2:50  Probe (Chrono Boost)  
  32  2:52  Probe (Chrono Boost)  
  33  2:59  Pylon  
  33  3:03  Probe (Chrono Boost)  
  33  3:04  Probe (Chrono Boost)  
  35  3:08  Stalker  
  35  3:09  Probe (Chrono Boost)  
  35  3:12  Probe (Chrono Boost)  
  40  3:23  Probe (Chrono Boost), Robotics Facility  
  40  3:24  Probe (Chrono Boost)  
  41  3:27  Probe (Chrono Boost)  
  41  3:30  Probe, Gateway  
  43  3:36  Phoenix  
  43  3:38  Probe  
  46  3:43  Probe  
  46  3:48  Pylon  
  47  3:50  Probe (Chrono Boost)  
  47  3:52  Pylon  
  49  3:56  Pylon  
  49  4:00  Probe (Chrono Boost)  
  49  4:02  Probe (Chrono Boost)  
  48  4:12  Probe  
  48  4:13  Probe  
  50  4:17  Assimilator  
  50  4:19  Nexus  
  50  4:20  Assimilator, Pylon  
  50  4:23  Pylon  
  50  4:25  Probe (Chrono Boost)  
  50  4:26  Probe (Chrono Boost)  
  50  4:29  Observer  
  53  4:31  Stalker  
  53  4:32  Stalker  
  53  4:37  Probe (Chrono Boost)  
  59  4:43  Probe (Chrono Boost)  
  60  4:45  Probe (Chrono Boost)  
  60  4:49  Robotics Bay, Probe (Chrono Boost)  
  61  4:57  Probe (Chrono Boost)  
  61  4:58  Probe (Chrono Boost)  
  67  5:00  Immortal  
  67  5:03  Probe, Stalker  
  67  5:04  Probe  
  67  5:06  Stalker  
  73  5:15  Probe (Chrono Boost)  
  73  5:20  Probe (Chrono Boost)  
  75  5:24  Twilight Council  
  75  5:25  Forge  
  75  5:27  Probe (Chrono Boost)  
  77  5:31  Probe (Chrono Boost)  
  77  5:32  Pylon  
  77  5:35  Stalker  
  79  5:38  Forge, Stalker  
  79  5:40  Probe (Chrono Boost)  
  84  5:43  Probe (Chrono Boost)  
  84  5:48  Probe (Chrono Boost)  
  85  5:50  Probe (Chrono Boost)  
  85  5:51  Extended Thermal Lance, Protoss Ground Weapons Level 1 (Chrono Boost)  
  85  5:53  Probe (Chrono Boost)  
  85  5:55  Probe x2 (Chrono Boost)  
  87  6:02  Probe, Phoenix  
  89  6:05  Charge  
  89  6:06  Probe  
  89  6:07  Probe, Protoss Ground Armor Level 1 (Chrono Boost)  
  91  6:14  Probe, Pylon  
  91  6:16  Stalker  
  91  6:17  Stalker, Pylon  
  91  6:18  Probe  
  97  6:19  Probe  
  97  6:24  Assimilator  
  98  6:26  Assimilator  
  98  6:27  Probe  
  98  6:30  Probe  
  98  6:31  Probe, Colossus  
  107  6:42  Gateway  
  107  6:44  Gateway  
  107  6:46  Gateway  
  107  6:47  Gateway  
  107  6:49  Gateway  
  107  6:51  Gateway  
  107  6:56  Zealot  
  107  6:57  Zealot  
  93  7:20  Pylon  
  93  7:22  Colossus (Chrono Boost)  
  99  7:31  Stalker x2  
  103  7:43  Stalker x2  
  107  7:44  Stalker x2  
  106  8:09  Immortal (Chrono Boost)  
  106  8:12  Zealot x4  
  114  8:13  Zealot x3  
  102  8:31  Probe x3  
  105  8:35  Zealot x3  
  105  8:36  Zealot x4  
  105  8:37  Protoss Ground Armor Level 2 (Chrono Boost)  
  119  8:43  Probe x2  
  119  8:45  Colossus (Chrono Boost)  
  119  8:46  Protoss Ground Weapons Level 2 (Chrono Boost)  
  116  9:02  Stalker  
  116  9:03  Stalker x4  
  123  9:10  Probe x3  
  123  9:15  Assimilator, Zealot  
  123  9:16  Zealot  
  129  9:22  Probe  
  129  9:23  Nexus  
  130  9:26  Pylon  
  130  9:30  Pylon x2  
  130  9:38  Pylon  
  130  9:40  Pylon  
  130  9:42  Zealot, Pylon  
  130  9:44  Immortal  
  136  9:50  Pylon  
  136  9:52  Pylon  
  136  10:01  Probe x3  
  139  10:13  Probe x2, Templar Archives  
  141  10:15  Gateway x2  
  141  10:17  Gateway  
  141  10:18  Robotics Facility  
  141  10:24  Gateway  
  141  10:25  Gateway  
  141  10:27  Pylon  
  141  10:29  Zealot x2  
  141  10:30  Zealot  
  141  10:31  Immortal  
  141  10:32  Zealot x3  
  141  10:34  Zealot  
  141  10:35  Gateway  
  159  10:36  Gateway  
  159  10:38  Pylon  
  159  11:03  Assimilator  
  159  11:07  Assimilator  
  159  11:09  Immortal  
  159  11:10  Colossus, Nexus  
  169  11:11  Zealot x2  
  169  11:12  Zealot, Pylon  
  169  11:13  High Templar x4, Pylon  
  169  11:14  High Templar  
  169  11:15  Pylon  
  169  11:17  Archon, Pylon  
  169  11:18  Archon  
  185  11:20  Pylon  
  185  11:22  Pylon  
  185  11:35  High Templar x2  
  185  11:36  Zealot  
  185  11:37  Zealot x3  
  185  11:38  Zealot  
  199  11:41  Archon  
  199  11:53  Observer  
  200  12:05  Photon Cannon  
  200  12:07  Photon Cannon  
  200  12:10  Photon Cannon  
  200  12:13  Photon Cannon  
  200  12:17  Shield Battery  
  200  12:19  Shield Battery  
  200  12:20  Shield Battery  
  200  12:22  Photon Cannon  
  200  12:23  Shield Battery  
  200  12:25  Photon Cannon  
  200  12:27  Shield Battery, Photon Cannon  
  200  12:30  Photon Cannon  
  200  12:34  Shield Battery  
  200  12:38  Shield Battery  
  200  12:40  Shield Battery  
  200  12:43  Shield Battery  
  196  13:11  Zealot x4  
  196  13:12  Zealot x2  
  198  13:13  Zealot  
Tags
 
Add a new tag
Caveats
  • Supply blocks, unpowered buildings, or Contaminate may cause inaccurate times.
  • Supply counts are checked every 10 seconds.